 Dungeon Crawl Stone Soup version 0.30-a0-694-g3340775977 (webtiles) character file.

Game seed: 12311371361749950111

88814 Bnni the Marksant (level 16, -5/129 HPs)
             Began as a Formicid Hexslinger on Jan 20, 2023.
             Was the Champion of Dithmenos.
             Slain by Saint Roka
             ... wielding a +2 glaive
              (38 damage)
             ... on level 2 of the Orcish Mines.
             The game lasted 01:36:29 (28547 turns).

Bnni the Marksant (Formicid Hexslinger)            Turns: 28547, Time: 01:36:30

Health: -5/129     AC: 15    Str: 15    XL:     16   Next: 41%
Magic:  4/33       EV: 17    Int: 17    God:    Dithmenos [******]
Gold:   2630       SH:  7    Dex: 18    Spells: 2/32 levels left

rFire   . . .      SeeInvis +    Q - +0 arbalest
rCold   . . .      Faith    +    S - +0 buckler
rNeg    . . .      Spirit   .    l - +0 steam dragon scales
rPois   .          Reflect  .    (helmet unavailable)
rElec   .          Harm     .    W - +2 cloak
rCorr   .          Rampage  .    V - +0 pair of gloves
Will    +....                    R - +1 pair of boots
Stlth   +++                      C
                                   - Hermit's Pendant {Faith Invo=14 Evo=0 MP+5}
HPRegen 0.41/turn                F - +4 ring of protection
MPRegen 0.23/turn                v - +5 ring of evasion

@: wereblooded (expiring), wreathed by umbra
A: permanent stasis, dig shafts and tunnels, antennae 3, four strong arms
a: Dig, Shaft Self, Renounce Religion, Shadow Step, Shadow Form


You were on level 2 of the Orcish Mines.
You worshipped Dithmenos.
Dithmenos was exalted by your worship.
You visited 4 branches of the dungeon, and saw 23 of its levels.

You collected 2814 gold pieces.
You spent 184 gold pieces at shops.

Inventory:

Hand Weapons
 p - a +0 longbow
 y - a +2 dagger of venom
 Q - a +0 arbalest (weapon)
Missiles
 b - 19 poisoned darts
 K - 12 curare-tipped darts
Armour
 l - +0 steam dragon scales (worn)
 L - a +0 tower shield
 R - a +1 pair of boots (worn)
 S - a +0 buckler (worn)
 V - a +0 pair of gloves (worn)
 W - a +2 cloak (worn)
Jewellery
 a - a ring of poison resistance
 t - a ring of resist corrosion
 u - a ring of flight
 v - a +5 ring of evasion (right hand)
 x - a ring of positive energy
 C - the Hermit's Pendant (around neck) {Faith Invo=14 Evo=0 MP+5}
   (You found it on level 5 of the Dungeon)

   [amulet of faith]

   Invo=14: It sets your Invocations skill to 14.
   Evo=0: It sets your Evocations skill to 0.
   It allows you to gain divine favour quickly.
   MP:        It affects your magic capacity (+5).
 F - a +4 ring of protection (left hand)
 O - a ring of fire
Wands
 h - a wand of acid (12)
 G - a wand of flame (15)
 I - a wand of charming (15)
 J - a wand of polymorph (3)
 N - a wand of digging (10)
Scrolls
 i - 3 scrolls of vulnerability
 j - 3 scrolls of amnesia
 k - 3 scrolls of brand weapon
 n - 3 scrolls of magic mapping
 o - 4 scrolls of enchant weapon
 q - 3 scrolls of torment
 r - 8 scrolls of immolation
 w - 6 scrolls of fog
 z - 2 scrolls of enchant armour
 E - 2 scrolls of silence
 M - 3 scrolls of poison
 T - 4 scrolls of fear
Potions
 c - 5 potions of mutation {unknown}
 d - 2 potions of flight
 e - 5 potions of lignification {unknown}
 f - 2 potions of magic {unknown}
 g - 7 potions of curing
 m - 4 potions of brilliance {unknown}
 s - a potion of ambrosia
 A - 5 potions of attraction {unknown}
 B - a potion of heal wounds
 D - a potion of invisibility {unknown}
 H - 4 potions of degeneration {unknown}
 P - a potion of resistance {unknown}
Miscellaneous
 U - a phial of floods
 X - a phantom mirror


   Skills:
 + Level 12.9 Fighting
 * Level 16.7 Ranged Weapons
 - Level 1.7 Dodging
 + Level 8.6 Shields
 + Level 8.5 Spellcasting
 + Level 12.5 Hexes
 - Level 8.0 Translocations
 - Level 8.0 Transmutations
 - Level 3.0 Fire Magic
 - Level 6.0 Ice Magic


You had 2 spell levels left.
You knew the following spells:

 Your Spells              Type           Power      Damage    Failure   Level
a - Slow                  Hex            100%       N/A       1%          1
b - Inner Flame           Hex/Fire       33%        N/A       1%          3
c - Portal Projectile     Hex/Tloc       84%        N/A       1%          3
d - Cause Fear            Hex            24%        N/A       1%          4
e - Passage of Golubria   Tloc           34%        N/A       4%          4
f - Metabolic Englaciati  Hex/Ice        19%        N/A       7%          5
i - Yara's Violent Unrav  Hex/Tmut       21%        3d10      4%          5
t - Tukima's Dance        Hex            49%        N/A       1%          3
w - Wereblood             Tmut           34%        N/A       1%          2

Your spell library contained the following spells:

 Spells                   Type           Power      Damage    Failure   Level
 Apportation              Tloc           68%        N/A       1%          1
 Beastly Appendage        Tmut           68%        N/A       1%          1
 Lesser Beckoning         Tloc           68%        N/A       1%          2
 Momentum Strike          Conj/Tloc      40%        3d9       3%          2
 Kiss of Death            Conj/Necr      28%        2d7       12%         1
 Necrotise                Necr           28%        1d5       12%         1
 Summon Small Mammal      Summ           28%        N/A       12%         1
 Static Discharge         Conj/Air       14%        2-3/arc   17%         2
 Confusing Touch          Hex            49%        N/A       1%          3
 Gell's Gravitas          Tloc           34%        N/A       1%          3
 Teleport Other           Tloc           34%        N/A       1%          3
 Ozocubu's Armour         Ice            27%        N/A       3%          3
 Spider Form              Tmut/Pois      20%        N/A       7%          3
 Vhi's Electric Charge    Tloc/Air       40%        N/A       7%          3
 Alistair's Intoxication  Tmut/Pois      13%        N/A       52%         5
 Summon Forest            Summ/Tloc      10%        N/A       52%         5
 Dispersal                Tloc           17%        N/A       54%         6
 Airstrike                Air            3%         2d(1-17)  75%         4
 Dispel Undead            Necr           7%         3d8       75%         4
 Summon Lightning Spire   Summ/Air       7%         N/A       75%         4
 Arcjolt                  Conj/Air       3%         1d13      97%         5
 Lightning Bolt           Conj/Air       3%         1d15      97%         5
 Eringya's Noxious Bog    Tmut/Pois      10%        N/A       98%         6
 Simulacrum               Ice/Necr       8%         N/A       99%         6
 Summon Hydra             Summ           3%         N/A       100%        7
 Chain Lightning          Conj/Air       3%         3d4       100%        9
 Fire Storm               Conj/Fire      6%         8d2       100%        9
 Shatter                  Erth           3%         3d7*      100%        9
 Blink                    Tloc           Unusable   N/A       N/A         2

Dungeon Overview and Level Annotations

Branches:
Dungeon (15/15)            Temple (1/1) D:5            Lair (5/5) D:11
 Shoals (0/4) Lair:3        Snake (0/4) Lair:2        Slime (0/5) Lair:5
    Orc (2/2) D:9             Elf (0/3) Orc:2        Vaults (0/5) D:13
 Depths (0/4) D:15

Altars:
Cheibriados
Dithmenos
Elyvilon
Fedhas
Gozag
Nemelex Xobeh
Okawaru
Qazlal
Ru
Sif Muna
Trog
Uskayaw
Vehumet
Wu Jian
Xom
Yredelemnul
Zin
The Shining One
Jiyva

Shops:
D:7 !   D:12 [   D:15 *   Orc:2 !*

Annotations:
Orc:2 Saint Roka


Innate Abilities, Weirdness & Mutations

You cannot be hasted, slowed, berserked, paralysed or teleported.
You can dig through walls and to a lower floor.
You have a pair of large antennae on your head. (SInv)
Your four strong arms can wield two-handed weapons with a shield.


Message History

An orc comes into view. It is wielding a +0 dagger.
Fire: Q) +0 arbalest
Press: ? - help, Shift-Dir - straight line, f/p - orc
Aim: an orc, wielding a +0 war axe and wearing a +0 ring mail (inner flame, umbra, 78% to hit)
You shoot a bolt. The bolt hits Saint Roka!
Saint Roka is moderately wounded.
Your shadow shoots a bolt.
The bolt hits Saint Roka but does no damage.
Saint Roka is engulfed in blazing flames.
Saint Roka closely misses you.
Fire: Q) +0 arbalest
Press: ? - help, Shift-Dir - straight line, f/p - orc
Aim: an orc, wielding a +0 war axe and wearing a +0 ring mail (inner flame, umbra, 78% to hit)
You shoot a bolt. The bolt barely misses Saint Roka.
The bolt hits the orc!!
Dithmenos accepts your kill.
The orc explodes!
The fiery explosion engulfs the orc!!!
You kill the orc!
Dithmenos accepts your kill.
The fiery explosion engulfs Saint Roka!
Saint Roka resists.
Saint Roka is moderately wounded.
The fiery explosion engulfs the orc priest!!!
You kill the orc priest!
Dithmenos accepts your kill.
You hear a shout! x3
Saint Roka is no longer moving slowly.
Saint Roka is engulfed in blazing flames.
Saint Roka says, "In the orcish mines, orcs kill the likes of YOU!"
Saint Roka roars a battlecry!
The orc goes into a battle-frenzy!
Casting: Inner Flame (safe; 1% risk of failure)
Confirm with . or Enter, or press ? or * to list all spells.
Aiming: Inner Flame (safe; 1% risk of failure)
Press: ? - help, Dir - move target, f - orc priest
Aim: an orc priest, wielding a +0 club (strong, umbra, chance to affect: 86%)
The orc priest is filled with an inner flame.
The orc priest calls upon Beogh to heal Saint Roka.
Saint Roka is healed somewhat.
Saint Roka hits you from afar with a +2 glaive!!!
You die...

#.#..............##...<.#..#.))#
#........................#..#...)
##......#................#8_#....
#...#....#...............####...)
.#.#......#.................))...
...#...........................).
.............○○..................
. .........8§8§§........<....)...
.......°§o☼@................
....##'§o##...........).....
..###..{{§###............... .#
#8..§ ##.............. ##...
#.............. #... {
#.............. '... {
#....#......... o#o..
{#...#......#... #.........##...


You could see Saint Roka (poisoned) and an orc priest (inner flame, strong).

Vanquished Creatures
  The ghost of fly the Cleaver, an adept DgDe (Orc:2)
  An ironbound preserver (D:13)
  A dire elephant (Lair:5)
  Snorg (D:10)
  7 hydras
  The ghost of kuniqs the Skirmisher, a journeyman DgHu (D:12)
  3 catoblepae
  4 boulder beetles
  7 centaur warriors
  The ghost of Stonecrops the Fighter, a novice DsGl of Gozag (D:10)
  4 death yaks (Lair:3)
  8 two-headed ogres
  2 orc high priests (Orc:2)
  Amaemon (D:10)
  A glowing orange brain (D:10)
  3 orc knights
  A wizard (D:14)
  A lindwurm (Lair:5)
  2 oklob plants (D:11)
  3 cyclopes
  5 manticores
  4 wolf spiders (Lair:5)
  3 orc sorcerers
  14 ugly things
  11 elephants
  Joseph (D:9)
  A guardian serpent (Lair:5)
  11 black mambas
  An orange demon (D:10)
  An ice statue (D:12)
  A torpor snail (Lair:3)
  5 rime drakes
  17 cane toads
  An unseen horror (D:12)
  8 komodo dragons
  An unseen horror (shapeshifter) (D:14)
  A kobold demonologist (D:13)
  3 yaktaurs (D:14)
  A tengu conjurer (D:15)
  An efreet (D:13)
  3 hornets
  6 trolls
  A merfolk (Lair:3)
  A tarantella (shapeshifter) (D:14)
  5 blink frogs (Lair:2)
  3 polar bears
  A dream sheep (Lair:5)
  2 wraiths
  16 slime creatures
  A shadow (D:10)
  4 vampires
  Eustachio (D:6)
  A spriggan (shapeshifter) (D:14)
  15 wyverns
  31 yaks
  Grum (D:10)
  3 basilisks
  3 steam dragons
  4 vampire mosquitoes
  4 wargs
  3 acid dragons
  2 nagas (Lair:2)
  20 water moccasins
  Duvessa (D:4)
  An ice beast (D:6)
  34 orc warriors
  A black bear (D:7)
  A sky beast (D:8)
  3 wolves
  12 centaurs
  9 ogres
  A phantom (D:5)
  3 kobold brigands
  12 bullfrogs
  3 gnoll sergeants
  A necrophage (D:7)
  3 scorpions
  Dowan (D:4)
  16 killer bees
  4 electric eels
  4 howler monkeys
  A hound (D:5)
  14 orc priests
  15 jellies
  Jessica (D:3)
  Ijyb (D:5)
  3 iguanas
  Natasha (thrice) (D:2)
  21 orc wizards
  Terence (D:3)
  Robin (D:3)
  10 gnolls
  7 adders
  2 white imps
  A worm (D:2)
  5 dart slugs
  91 orcs
  7 bats
  6 endoplasms
  2 giant cockroaches
  17 goblins
  9 hobgoblins
  7 jackals
  13 kobolds
  6 quokkas
  6 ball pythons
  3 frilled lizards (D:1)
  6 rats
644 creatures vanquished.

Vanquished Creatures (collateral kills)
  Sonja (Lair:5)
  A centaur (D:14)
2 creatures vanquished.

Vanquished Creatures (others)
  An unseen horror (D:13)
  3 dancing weapons (D:12)
  32 fungi
  55 plants
  4 toadstools (D:1)
95 creatures vanquished.

Grand Total: 741 creatures vanquished

Notes
Turn   | Place    | Note
-------+----------+-------------------------------------------
     0 | D:1      | Bnni the Formicid Hexslinger began the quest for the Orb.
     0 | D:1      | Reached XP level 1. HP: 15/15 MP: 2/2
    85 | D:1      | Reached XP level 2. HP: 21/21 MP: 3/3
   303 | D:1      | Reached skill level 1 in Fire Magic
   311 | D:1      | Reached XP level 3. HP: 14/26 MP: 4/4
  1084 | D:2      | Reached XP level 4. HP: 32/32 MP: 6/6
  1088 | D:2      | Found a faded altar of an unknown god.
  1573 | D:2      | Learned a level 3 spell: Inner Flame
  1603 | D:3      | Noticed Natasha
  1607 | D:3      | Reached XP level 5. HP: 38/38 MP: 7/7
  1613 | D:2      | Killed Natasha
  1710 | D:2      | Noticed Natasha
  1722 | D:2      | Killed Natasha
  1723 | D:2      | Reached skill level 3 in Ranged Weapons
  1805 | D:2      | Noticed Natasha
  1820 | D:2      | Killed Natasha
  1821 | D:2      | Reached skill level 5 in Hexes
  1894 | D:3      | Noticed Robin
  2101 | D:3      | Reached XP level 6. HP: 36/44 MP: 8/8
  2332 | D:3      | Learned a level 4 spell: Cause Fear
  2332 | D:3      | Noticed Jessica
  2344 | D:3      | Killed Jessica
  2523 | D:3      | Found a hide-covered altar of Uskayaw.
  2685 | D:3      | Killed Robin
  2709 | D:3      | Noticed Terence
  2726 | D:3      | Killed Terence
  3137 | D:4      | Noticed Duvessa
  3141 | D:4      | Killed Dowan
  3142 | D:4      | Reached XP level 7. HP: 48/51 MP: 6/10
  3150 | D:4      | Killed Duvessa
  3151 | D:4      | Reached skill level 4 in Ranged Weapons
  3725 | D:5      | Entered Level 5 of the Dungeon
  3891 | D:5      | Noticed Ijyb
  3905 | D:5      | Killed Ijyb
  4033 | D:5      | Found a staircase to the Ecumenical Temple.
  4042 | Temple   | Entered the Ecumenical Temple
  4073 | Temple   | Became a worshipper of Dithmenos the Shadowed
  4115 | D:5      | Reached XP level 8. HP: 13/58 MP: 11/12
  4387 | D:4      | Learned a level 3 spell: Portal Projectile
  4434 | D:5      | Reached skill level 5 in Ranged Weapons
  4529 | D:5      | Reached skill level 1 in Translocations
  4939 | D:5      | Found a faded altar of an unknown god.
  4939 | D:5      | Found the Hermit's Pendant {Faith Invo=14 Evo=0 MP+5}
  5198 | D:5      | Reached * piety under Dithmenos
  5547 | D:6      | Reached XP level 9. HP: 59/65 MP: 19/19
  5573 | D:6      | Found a transporter.
  5777 | D:6      | Reached skill level 6 in Ranged Weapons
  5781 | D:6      | Noticed Eustachio
  5792 | D:6      | Killed Eustachio
  5887 | D:6      | Found an ornate altar of the Wu Jian Council.
  5950 | D:6      | Found a transporter.
  6360 | D:7      | Found Jeych's Distillery.
  6570 | D:7      | Noticed a hornet
  6592 | D:7      | Killed a hornet
  6593 | D:7      | Reached skill level 5 in Fighting
  6593 | D:7      | Reached skill level 7 in Ranged Weapons
  6992 | D:7      | Reached XP level 10. HP: 68/74 MP: 20/20
  7249 | D:7      | Found a shimmering altar of Xom.
  7389 | D:7      | Learned a level 2 spell: Wereblood
  7539 | D:8      | Reached skill level 5 in Spellcasting
  7730 | D:8      | Found a sparkling altar of Nemelex Xobeh.
  7786 | D:8      | Reached ** piety under Dithmenos
  7827 | D:8      | Found a white marble altar of Elyvilon.
  7835 | D:8      | Identified the +1 scale mail "Resid" {Drain rF++}
  7853 | D:8      | Reached skill level 1 in Transmutations
  7952 | D:8      | Found an iron altar of Okawaru.
  8220 | D:8      | Found a blossoming altar of Fedhas.
  8226 | D:8      | Found a sacrificial altar of Ru.
  8387 | D:9      | Found a glowing golden altar of the Shining One.
  8400 | D:9      | Noticed Joseph
  8413 | D:9      | Killed Joseph
  8414 | D:9      | Reached skill level 1 in Shields
  8619 | D:9      | Found a staircase to the Orcish Mines.
  8631 | D:9      | Reached skill level 8 in Ranged Weapons
  8742 | D:9      | Reached skill level 10 in Hexes
  9029 | D:9      | Noticed a two-headed ogre
  9044 | D:9      | Killed a two-headed ogre
  9045 | D:9      | Reached skill level 9 in Ranged Weapons
  9346 | D:9      | Reached XP level 11. HP: 82/83 MP: 20/21
  9576 | D:10     | Entered Level 10 of the Dungeon
  9576 | D:10     | Found a runed translucent gate.
  9576 | D:10     | Found a runed translucent gate.
  9588 | D:10     | Learned a level 3 spell: Tukima's Dance
  9614 | D:10     | Noticed Amaemon
  9636 | D:10     | Killed Amaemon
  9810 | D:10     | Reached skill level 10 in Ranged Weapons
  9835 | D:10     | Found a runed translucent gate.
  9835 | D:10     | Noticed a glowing orange brain
  9835 | D:10     | Noticed Stonecrops's ghost (novice DsGl)
  9836 | D:10     | Found a viscous altar of Jiyva.
  9916 | D:10     | Noticed Grum
  9925 | D:10     | Killed Grum
 10042 | D:10     | Noticed Snorg
 10052 | D:10     | Killed Snorg
 10052 | D:10     | Reached *** piety under Dithmenos
 10560 | D:10     | Learned a level 5 spell: Yara's Violent Unravelling
 11067 | D:11     | Found a staircase to the Lair.
 11067 | D:11     | Noticed an oklob plant
 11085 | D:11     | Killed an oklob plant
 11086 | D:11     | Reached skill level 5 in Transmutations
 11168 | D:11     | Noticed a manticore
 11178 | D:11     | Killed a manticore
 11194 | D:11     | Noticed a cyclops
 11197 | D:11     | Noticed a cyclops
 11202 | D:11     | Killed a cyclops
 11210 | D:11     | Killed a cyclops
 11510 | D:11     | Noticed an oklob plant
 11517 | D:11     | Killed an oklob plant
 11518 | D:11     | Reached XP level 12. HP: 92/92 MP: 22/22
 11561 | D:11     | Identified the +8 trident of Upheaval {heavy, *Slow +Blink
                  | Int+4}
 11941 | D:11     | Reached skill level 11 in Ranged Weapons
 12347 | D:12     | Found a transporter.
 12349 | D:12     | Noticed a two-headed ogre
 12609 | D:12     | Noticed kuniqs's ghost (journeyman DgHu)
 12610 | D:12     | Noticed a boulder beetle
 12637 | D:12     | Noticed a two-headed ogre
 12664 | D:12     | Killed a two-headed ogre
 12664 | D:12     | Reached **** piety under Dithmenos
 13149 | D:12     | Found a transporter.
 13158 | D:12     | Noticed a centaur warrior
 13245 | D:12     | Noticed a two-headed ogre
 13247 | D:12     | Reached skill level 5 in Translocations
 13250 | D:12     | Killed a two-headed ogre
 13623 | D:12     | Found Ezungam's Armour Emporium.
 13626 | D:12     | Bought a +1 pair of boots for 184 gold pieces
 13701 | D:12     | Noticed a two-headed ogre
 13713 | D:12     | Killed a two-headed ogre
 13894 | D:13     | Noticed a two-headed ogre
 13912 | D:13     | Killed a two-headed ogre
 13981 | D:13     | Reached skill level 12 in Ranged Weapons
 14088 | D:13     | Noticed a centaur warrior
 14091 | D:13     | Noticed a centaur warrior
 14438 | D:13     | Killed a centaur warrior
 14540 | D:13     | You fall into a shaft and drop 2 floors!
 14540 | D:15     | Entered Level 15 of the Dungeon
 14559 | D:15     | Reached XP level 13. HP: 75/101 MP: 23/23
 14665 | D:15     | Reached ***** piety under Dithmenos
 14990 | D:14     | Noticed a centaur warrior
 15154 | D:15     | Found a shadowy altar of Dithmenos.
 15174 | D:14     | Found a radiant altar of Vehumet.
 15215 | D:14     | Reached skill level 10 in Fighting
 15215 | D:14     | Reached skill level 13 in Ranged Weapons
 15479 | D:14     | Identified the +4 scale mail of Noid Hock {rF+ Int+4}
 15525 | D:13     | Noticed an eight-headed hydra
 15538 | D:13     | Killed an eight-headed hydra
 15680 | D:13     | Noticed a centaur warrior
 15695 | D:13     | Killed a centaur warrior
 16028 | D:13     | Noticed an ironbound preserver
 16039 | D:13     | Killed an ironbound preserver
 16041 | D:13     | Killed a centaur warrior
 16543 | D:13     | Reached skill level 14 in Ranged Weapons
 16571 | D:13     | Found a gate to the Vaults.
 16655 | D:13     | Reached XP level 14. HP: 77/111 MP: 26/26
 16661 | D:13     | Learned a level 4 spell: Passage of Golubria
 18002 | D:15     | Found Reeqie's Changing Room.
 18552 | D:12     | Killed kuniqs's ghost
 18977 | D:10     | Killed Stonecrops's ghost
 19518 | Lair:1   | Entered Level 1 of the Lair of Beasts
 19839 | Lair:1   | Reached skill level 15 in Ranged Weapons
 20091 | Lair:1   | Reached skill level 5 in Shields
 21308 | Lair:2   | Reached XP level 15. HP: 75/120 MP: 11/27
 21570 | Lair:2   | Found a staircase to the Snake Pit.
 21697 | Lair:2   | Learned a level 5 spell: Metabolic Englaciation
 22194 | Lair:3   | Reached skill level 1 in Ice Magic
 22250 | Lair:3   | Found a staircase to the Shoals.
 23078 | Lair:3   | Found a runed translucent door.
 23917 | Lair:5   | Entered Level 5 of the Lair of Beasts
 24039 | Lair:5   | Reached ****** piety under Dithmenos
 24652 | Lair:5   | Reached skill level 16 in Ranged Weapons
 24653 | Lair:5   | Noticed Sonja
 24715 | Lair:5   | Killed Sonja
 25531 | Lair:5   | Reached skill level 5 in Ice Magic
 25841 | Lair:5   | Reached XP level 16. HP: 108/129 MP: 28/28
 26055 | Lair:5   | Found a viscous altar of Jiyva.
 26056 | Lair:5   | Found a staircase to the Slime Pits.
 27182 | Orc:1    | Entered Level 1 of the Orcish Mines
 27434 | Orc:1    | Found an iron altar of Okawaru.
 27721 | Orc:2    | Entered Level 2 of the Orcish Mines
 27817 | Orc:2    | Found a runed translucent gate.
 27853 | Orc:2    | Found a runed translucent gate.
 27853 | Orc:2    | Found an opulent altar of Gozag.
 27854 | Orc:2    | Found a runed translucent gate.
 27888 | Orc:2    | Noticed fly's ghost (adept DgDe)
 27889 | Orc:2    | Found Jaton's Assorted Antiques.
 27926 | Orc:2    | Killed fly's ghost
 28304 | Orc:2    | Found a staircase to the Elven Halls.
 28421 | Orc:2    | Found Wusad's Distillery.
 28517 | Orc:2    | Noticed Saint Roka
 28547 | Orc:2    | Slain by Saint Roka

Illustrated notes

Levels and vault maps discovered:
D:1:      ldierk_walled_garden_2, layout_basic
D:2:      layout_basic, hellmonk_ecumenical_altar_arch_garden
D:3:      layout_basic, eat_drink_and_be_merry_uskayaw, hex_intersection,
          uniq_natasha, uniq_jessica, uniq_terence, uniq_robin
D:4:      layout_loops_ring, uniq_duvessa
D:5:      layout_cave_pools, minmay_temple_entry_water_ring,
          hellmonk_guarded_unrand_hermit, uniq_ijyb
D:6:      gammafunk_steamed_eel, layout_rooms, nzn_wu_jian_council_hall,
          uniq_eustachio
D:7:      layout_basic, kennysheep_mini, nicolae_stop_n_shop_2
D:8:      layout_basic, nicolae_overflow_crystal_walls, elyvilon_altar_5,
          nemelex_spade_bored_becter, mainiacjoe_overflow_large_starburst,
          minmay_stone_trees_small, roderic_serpentine_path
D:9:      layout_irregular_city, mainiacjoe_overflow_boulevard, david_orc_2,
          uniq_joseph
D:10:     layout_loops_ring, gammafunk_ghost_ooze, patterned_corridor,
          uniq_snorg, uniq_grum, uniq_amaemon
D:11:     layout_rooms, dpeg_oklobed_lair
D:12:     layout_loops_corners, nzn_ghost_randoct, serial_shops,
          nicolae_shop_crystal, special_room [special_room_orc]
D:13:     layout_roguey, skrybe_vaults_entry_preservation, grunt_ministairs_1
D:14:     layout_cave_pools, lemuel_doored_altar, kennysheep_generic_room_10
D:15:     grunt_enter_depths_hoard, layout_loops_ring,
          nicolae_dithmenos_the_darkroom, nicolae_transmutations_shop,
          st_stairs_11
Temple:   hellmonk_temple_forest_ring
Lair:1:   layout_small_grid, serial_bayou_shore_b, infiniplex_staircase_pool,
          grunt_megastairs_1
Lair:2:   layout_gridlike, guppyfry_snake_entry_garden
Lair:3:   layout_regular_city, elwin_shoals_entry_rooms, pf_torpor_hydra
Lair:4:   layout_roguey, dreamdust_mushroom_princess, lemuel_fruit_tree
Lair:5:   hangedman_lair_in_review, layout_gridlike,
          hangedman_lair_tendril_chambers, minmay_slime_entry_jelly_boxes,
          uniq_sonja
Orc:1:    layout_caves, basic_altar, okawaru_metal_pillars_1_2
Orc:2:    grunt_orc_community_town_hall, layout_caves,
          grunt_orc_community_big_house_2, grunt_orc_community_big_house_1,
          grunt_orc_community_house_1, grunt_orc_community_house_1,
          grunt_orc_community_house_2, grunt_orc_community_house_2,
          grunt_orc_community_house_2, ebering_ghost_gozag, roderic_batcave

Skill      XL: |  1  2  3  4  5  6  7  8  9 10 11 12 13 14 15 16 |
---------------+-------------------------------------------------+-----
Fire Magic     | 1 2 3 |  3.0
Hexes          | 4 5 6 7 9 10 11 12 | 12.5
Fighting       | 2 3 4 5 6 8 9 10 11 12 | 12.9
Ranged Weapons | 3 4 5 7 9 10 12 14 15 16 | 16.7
Spellcasting   | 2 3 4 5 6 7 8 |  8.5
Translocations | 2 3 4 5 7 8 |  8.0
Transmutations | 3 5 7 8 |  8.0
Shields        | 4 5 7 8 |  8.6
Ice Magic      | 5 6 |  6.0
Dodging        | |  1.7

Action                   |  1- 3 |  4- 6 |  7- 9 | 10-12 | 13-15 | 16-18 || total
-------------------------+-------+-------+-------+-------+-------+-------++-------
Melee: Dagger            |       |     6 |       |       |       |       ||     6
       Sling             |       |     4 |       |       |       |       ||     4
       Punch             |       |     1 |       |       |       |       ||     1
 Fire: Sling             |    88 |   187 |   321 |       |       |       ||   596
       Shortbow          |       |       |    21 |   434 |       |       ||   455
       Arbalest          |       |       |       |    64 |   948 |   307 ||  1319
Throw: Dart              |       |       |    21 |    22 |     8 |     2 ||    53
 Cast: Slow              |       |    16 |    19 |    33 |    13 |       ||    81
       Inner Flame       |       |     2 |    27 |    78 |    49 |    10 ||   166
       Cause Fear        |       |       |     8 |    11 |    29 |     6 ||    54
       Portal Projectile |       |       |     1 |    14 |    21 |     4 ||    40
       Tukima's Dance    |       |       |       |     1 |     8 |     1 ||    10
       Wereblood         |       |       |       |       |     5 |     8 ||    13
       Yara's Violent Un |       |       |       |       |     1 |       ||     1
       Metabolic Englaci |       |       |       |       |    12 |     2 ||    14
       Passage of Golubr |       |       |       |       |     1 |     1 ||     2
Invok: Shadow Form       |       |       |       |       |     2 |       ||     2
 Abil: Dig               |       |     1 |       |     2 |     1 |     3 ||     7
       End Transformatio |       |       |       |       |     1 |       ||     1
Evoke: Wand              |       |       |     2 |       |       |       ||     2
  Use: Scroll            |       |     4 |     4 |     4 |     8 |     1 ||    21
       Potion            |       |       |     2 |     3 |     6 |     3 ||    14
Armor: Robe              |     9 |    25 |    45 |       |       |       ||    79
       Steam dragon scal |       |       |    20 |    84 |   214 |    49 ||   367
Dodge: Dodged            |    21 |    88 |   184 |   165 |   509 |   166 ||  1133
Block: Buckler           |       |       |       |    61 |   202 |    74 ||   337

Table legend: (Time is in decaauts)
 A = Elapsed time spent in this place.
 B = Non-inter-level travel time spent in this place.
 C = Inter-level travel time spent in this place.
 D = Time resting spent in this place.
 E = Time spent auto-exploring this place.
 F = Levels seen in this place.
 G = Mean time per level.
                   A        B        C        D        E       F      G
               +--------+--------+--------+--------+--------+-----+--------+
         Total |  28940 |  27850 |   1090 |   7181 |  14877 |  23 | 1258.3 |
       Dungeon |  19994 |  19171 |    823 |   5262 |   9945 |  15 | 1332.9 |
        Temple |     46 |     32 |     14 |      0 |     18 |   1 |   46.0 |
          Lair |   7510 |   7271 |    239 |   1655 |   4238 |   5 | 1502.0 |
  Orcish Mines |   1388 |   1375 |     13 |    264 |    676 |   2 |  694.0 |
               +--------+--------+--------+--------+--------+-----+--------+

Top non-repeatable levels by time:
    D:13: 2697 daAuts
  Lair:5: 2683 daAuts
    D:10: 2311 daAuts
    D:12: 1993 daAuts
     D:5: 1501 daAuts
    D:11: 1335 daAuts
  Lair:2: 1306 daAuts
  Lair:3: 1267 daAuts
     D:7: 1255 daAuts
     D:9: 1232 daAuts
     D:3: 1157 daAuts
  Lair:1: 1135 daAuts
  Lair:4: 1117 daAuts
    D:14: 1047 daAuts
     D:2: 1031 daAuts
